 Dungeon Crawl Stone Soup version 0.29-a0-317-gd16b76e6b1 (webtiles) character file.

Game seed: 2744337856711825387

9 Ijustatesigmund the Sneak (level 2, -3/19 HPs)
             Began as a Gargoyle Delver on Mar 30, 2022.
             Slain by a worm (9 damage)
             ... on level 5 of the Dungeon.
             The game lasted 00:00:46 (92 turns).

Ijustatesigmund the Sneak (Gargoyle Delver)           Turns: 92, Time: 00:00:47

Health: -3/19      AC:  5    Str: 15    XL:     2   Next: 16%
Magic:  2/2        EV: 11    Int: 10    God:
Gold:   0          SH:  0    Dex: 11    Spells: 1/1 levels left

rFire   . . .      SeeInvis .   a - +0 mace
rCold   . . .      Faith    .   (no shield)
rNeg    + . .      Spirit   .   b - +0 leather armour
rPois   ∞          Reflect  .   (no helmet)
rElec   +          Harm     .   (no cloak)
rCorr   .          Rampage  .   (no gloves)
Will    .....                   (no boots)
Stlth   +++.......              (no amulet)
HPRegen 0.06/turn               (no ring)
MPRegen 0.08/turn               (no ring)

@: no status effects
A: sickness immunity, AC +2, negative energy resistance 1, electricity
resistance, torment resistance 1, petrification resistance
a: no special abilities


You were on level 5 of the Dungeon.
You visited 1 branch of the dungeon, and saw 1 of its levels.

Inventory:

Hand Weapons
 a - a +0 mace (weapon)
Armour
 b - a +0 leather armour (worn)
Wands
 g - a wand of digging (3)
 h - a wand of iceblast (9)
Scrolls
 c - a scroll of fog
 d - a scroll of identify {unknown}
 e - a scroll of fear
Potions
 f - a potion of haste


   Skills:
 + Level 3.5 Fighting
 + Level 2.2 Maces & Flails
 + Level 1.7 Dodging
 + Level 5.6 Stealth


You had one spell level left.
You didn't know any spells.
Your spell library was empty.

Dungeon Overview and Level Annotations

Branches:
Dungeon (5/15)
 Temple: D:4-7

Altars:


Innate Abilities, Weirdness & Mutations

You are immune to sickness and miasma.
Your stone body is resilient. (AC +2)
You are immune to poison.
You resist negative energy. (rN+)
You are resistant to electric shocks. (rElec)
You are resistant to unholy torment.
You are immune to petrification.


Message History

Found an encrusted ivory wand.
A shadow imp comes into view.
You open the door.
There is an open door here.
You close the door.
(D) Dungeon
Where to? (Enter - D:5 @ (x,y), ? - help)
A worm comes into view.
Found a short fluorescent wand.
Something unseen breaks down the door.
Found 11 gold pieces.
The worm bites you!
* * * LOW HITPOINT WARNING * * *
You are too injured to fight recklessly!
You are too injured to fight recklessly!
You are too injured to fight recklessly!
You are too injured to fight recklessly!
You are too injured to fight recklessly!
You are too injured to fight recklessly!
You are too injured to fight recklessly!
You are too injured to fight recklessly!
You are too injured to fight recklessly!
You are too injured to fight recklessly!
You are too injured to fight recklessly!
You are too injured to fight recklessly!
You are too injured to fight recklessly!
You are too injured to fight recklessly!
Unknown command.
The worm misses you.
You see here a wand of iceblast (9).
h - a wand of iceblast (9)
You open the door.
A black bear and a phantom come into view.
Found 9 gold pieces.
The phantom misses you.
There is an open door here.
You closely miss the phantom.
The black bear growls angrily.
The phantom closely misses you.
The shadow imp summons a swarm of flies.
The worm bites you!
You die...

,,,,,*,,,**#.....####
,,,,,*,,,,,#......#
,,,,,*,,,,,#......#
,,,,,*,,,,,#......#
,,,,,*,,,,,#......#
,,,,,***,,*##..5########
***+****#+###...#......#********
*,,,,,*,.......w#.......,,,,,,,*
*,,,,,*,........@h.....#****,,,**
*,,,,,*,........#W.....# *,,,,≈*
*,,,,,*,.....$..#.....$#***,,,≈≈*
*,,,,,*,........#.......,,,,*≈≈**
*,,,,,*,........#......#*,,,*≈≈*
*,,,,,*,........#......#*,,,*≈≈*
********#########.......,,,**≈≈*
*####...****∩≈≈** *,,,,≈≈≈≈≈≈≈≈*


You could see a black bear, a phantom, a worm and a shadow imp.

Vanquished Creatures
  An adder (D:5)
1 creature vanquished.

Notes
Turn   | Place    | Note
-------+----------+-------------------------------------------
     0 | D:5      | Ijustatesigmund the Gargoyle Delver began the quest for the
                  | Orb.
     0 | D:5      | Reached XP level 1. HP: 14/14 MP: 1/1
    32 | D:5      | Reached XP level 2. HP: 11/19 MP: 2/2
    90 | D:5      | Noticed a black bear
    90 | D:5      | Noticed a phantom
    92 | D:5      | Slain by a worm

Illustrated notes

Levels and vault maps discovered:
D:5:      layout_gridville, lemuel_tele_altar, trog_hazing_becter,
          cheibrodos_sewer_entry_bend

Action                   || total
-------------------------++-------
Melee: Mace              ||    21
  Use: Scroll            ||     1
Armor: Leather armour    ||     7
Dodge: Dodged            ||    25

Table legend: (Time is in decaauts)
 A = Elapsed time spent in this place.
 B = Non-inter-level travel time spent in this place.
 C = Inter-level travel time spent in this place.
 D = Time resting spent in this place.
 E = Time spent auto-exploring this place.
 F = Levels seen in this place.
 G = Mean time per level.
                   A        B        C        D        E       F      G
               +--------+--------+--------+--------+--------+-----+--------+
         Total |     98 |     65 |     33 |      0 |      0 |   1 |   98.0 |
       Dungeon |     98 |     65 |     33 |      0 |      0 |   1 |   98.0 |
               +--------+--------+--------+--------+--------+-----+--------+

Top non-repeatable levels by time:
     D:5: 98 daAuts
